Unix NetHack Version 5.0.0-0 post-release - last build Jul 19 2026 19:10:59 (3aa4ab31751d3886436d94b585a96704892fd477,branch:main).

Game began 2026-07-27 00:57:58, ended 2026-07-27 01:13:32.

HumaRuntu, chaotic female elven Wizard

                   -----------                     --------------
                   |.........|                     |............|
                   |.......{..#                    |............|
                   |.........|##                   |............|
                   ----.------ #                   |........)...|
                     ###       #                   ------------.-
                     #         #                               #
                     #         #      ---.-----                #
                   ###         #######-.......|               ##
                   #             #####|.{.....+              ##
                   #                  |(B@f...|              #
                   #                  .......>|              #
            -------.------  ##        ---------          ----.-----------
            |............| ##                 ###########................
            -............-#`###################          |.............<|
            |............|   ############################...............|
            --------------                               ----------------

HumaRuntu the Conjurer    St:8 Dx:17 Co:13 In:20 Wi:9 Ch:8  Chaotic
Dlvl:3  $:43 HP:0(19) Pw:1(25) AC:9  Xp:3 T:954 

Latest messages:
 You are beginning to feel hungry.
 $ - 13 gold pieces (40 in total).
 In what direction? k
 The spell hits the manes!
 You destroy the manes!
 The manes hits!
 The manes hits again!
 The manes bites!
 You hear a chugging sound.
 You hit the manes!
 You destroy the manes!
 You destroy the manes!
 You destroy it!
 You destroy it!
 You hear the footsteps of a guard on patrol.
 $ - 3 gold pieces (43 in total).
 You hear a door open.
 You miss the manes.
 You hear a door open.
 The kitten bites the manes.
 The manes is destroyed!
 You destroy the kobold zombie!
 You hear the footsteps of a guard on patrol.
 You swap places with your kitten.
 You see here a chest.
 E - a spellbook of healing.
 What do you want to drop? [$a-yABDE or ?*] *
 You drop a spellbook of healing.
 You swap places with your kitten.
 You see here a spellbook of healing.
 E - a spellbook of healing.
 What do you want to zap? [c or ?*] <esc>
 Never mind.
 In what direction? k
 The spell hits the giant rat!
 You kill the giant rat!
 You hear the chime of a cash register.
 What do you want to eat? [twxyB or ?*] *
 This lichen corpse tastes okay.
 You finish eating the lichen corpse.
 What do you want to read? [i-mqruE or ?*] <esc>
 Never mind.
 In what direction? h
 The spell hits the giant bat!
 The giant bat bites!
 The giant bat bites!
 The giant bat bites!
 You die...
 Do you want your possessions identified? [ynq] (y) y
 Do you want to see your attributes? [ynq] (y) q

Inventory:
 Coins    ('$')
  $ - 43 gold pieces
 Weapons  (')')
  a - a blessed +1 quarterstaff (weapon in hands)
 Armor    ('[')
  b - an uncursed +0 cloak of magic resistance (being worn)
 Comestibles  ('%')
  y - a cursed slime mold
  t - an uncursed food ration
  B - an uncursed lembas wafer
  w - an uncursed pancake
  x - an uncursed lichen corpse
 Scrolls  ('?')
  j - an uncursed scroll of confuse monster
  r - a blessed scroll of create monster
  k - an uncursed scroll of destroy armor
  u - 2 uncursed scrolls of identify
  q - an uncursed scroll of scare monster
  i - an uncursed scroll of stinking cloud
 Spellbooks  ('+')
  m - an uncursed spellbook of chain lightning
  l - a blessed spellbook of force bolt
  E - an uncursed spellbook of healing
 Potions  ('!')
  D - an uncursed potion of hallucination
  h - an uncursed potion of monster detection
  g - an uncursed potion of object detection
  s - a blessed potion of oil
  f - an uncursed potion of restore ability
  p - an uncursed potion of water
 Rings    ('=')
  A - a cursed ring of aggravate monster
  d - an uncursed ring of cold resistance
  e - an uncursed ring of conflict
 Wands    ('/')
  c - a wand of stasis (0:3)
 Tools    ('(')
  o - an uncursed tooled horn
  n - a magic marker (0:22)
  v - an uncursed tin whistle

HumaRuntu the Wizard's attributes:

Background:
 You were a Conjurer, a level 3 female elven Wizard.
 You were chaotic, on a mission for Anhur
 who was opposed by Ptah (lawful) and Thoth (neutral).
 You were right-handed.
 You were in the Dungeons of Doom, on level 3.
 You entered the dungeon 954 turns ago.
 It was nighttime.
 You had 55 experience points, 25 more were needed to attain level 4.

Basics:
 You had 0 out of 19 hit points.
 You had 1 out of 25 energy points (spell power).
 Your armor class was 9.
 Your wallet contained 43 zorkmids.
 Autopickup was on for '$?!/="+' plus thrown.

Final Characteristics:
 Your strength was 8 (limit:18).
 Your dexterity was 17 (limit:18).
 Your constitution was 13 (limit:16).
 Your intelligence was 20 (limit:20).
 Your wisdom was 9 (limit:20).
 Your charisma was 8 (limit:18).

Final Status:
 You weren't hungry.
 You were unencumbered.
 You were wielding a quarterstaff.
 You had basic skill with quarterstaff.

Final Attributes:
 You were devoutly aligned.
 You were magic-protected.
 You had infravision.
 You were warded.
 You are dead.

Miscellaneous:
 You didn't encounter any bones levels.
 Total elapsed playing time was 15 minutes and 33 seconds.

Major events:
 Turn
    1: HumaRuntu the chaotic female elven Wizard entered the dungeon
  731: attained the rank of Conjurer (level 3)
  954: killed by a giant bat

Spells:
 Name                 Level Category     Fail Retention
 force bolt             1   attack         0%  91%-100%
 chain lightning        2   attack         0%  91%-100%

Skills:
 Fighting Skills
   bare handed combat [Unskilled]
   riding             [Unskilled]
 Weapon Skills
   dagger             [Unskilled]
   knife              [Unskilled]
   axe                [Unskilled]
   short sword        [Unskilled]
   club               [Unskilled]
   mace               [Unskilled]
   quarterstaff       [Basic]
   polearms           [Unskilled]
   spear              [Unskilled]
   trident            [Unskilled]
   sling              [Unskilled]
   dart               [Unskilled]
   shuriken           [Unskilled]
 Spellcasting Skills
   attack spells      [Basic]
   healing spells     [Unskilled]
   divination spells  [Unskilled]
   enchantment spells [Basic]
   clerical spells    [Unskilled]
   escape spells      [Unskilled]
   matter spells      [Unskilled]

Voluntary challenges:
 Character rerolling was not enabled.
 You were an atheist.
 You were illiterate.
 You never genocided any monsters.
 You never polymorphed an object.
 You never changed form.
 You used no wishes.
Achievement:
 You attained the rank of Conjurer.

 The Dungeons of Doom: levels 1 to 3
    Level 1:
    Level 2:
       A fountain.
    Level 3: <- You were here.
       Some fountains.
       Final resting place for
          you, killed by a giant bat.


Vanquished creatures:
  6 manes
  a large kobold
  a giant rat
  a gecko
  3 jackals
  a kobold
  a goblin
  3 sewer rats
  6 grid bugs
  2 lichens
  2 kobold zombies
  4 newts
31 creatures vanquished.

No species were genocided or became extinct.

Game over:
                       ----------
                      /          \
                     /    REST    \
                    /      IN      \
                   /     PEACE      \
                  /                  \
                  |    HumaRuntu     |
                  |      43 Au       |
                  |   killed by a    |
                  |    giant bat     |
                  |                  |
                  |                  |
                  |       2026       |
                 *|     *  *  *      | *
        _________)/\\_//(\/(/\)/\//\/|_)_______

Goodbye HumaRuntu the Wizard...

You died in The Dungeons of Doom on dungeon level 3 with 359 points,
and 43 pieces of gold, after 954 moves.
You were level 3 with a maximum of 19 hit points when you died.

